 Dungeon Crawl Stone Soup version 0.29-a0-284-gf9362112df (webtiles) character file.

Game seed: 11656257023205880020

47 Zonian the Chiller (level 3, 0/16 HPs)
             Began as a Vine Stalker Ice Elementalist on Mar 24, 2022.
             Was a Follower of Cheibriados.
             Slain by a goblin
             ... wielding a +0 club
             ... led by Robin
              (1 damage)
             ... on level 2 of the Dungeon.
             The game lasted 00:02:54 (1287 turns).

Zonian the Chiller (Vine Stalker Ice Elementalist)  Turns: 1287, Time: 00:02:54

Health: 0/16       AC:  2    Str: 12    XL:     3   Next: 70%
Magic:  0/8        EV: 12    Int: 19    God:    Cheibriados [*.....]
Gold:   31         SH:  0    Dex: 16    Spells: 0/7 levels left

rFire   . . .      SeeInvis .   f - +0 dagger
rCold   . . .      Faith    .   (no shield)
rNeg    . . .      Spirit   +   a - +0 robe
rPois   .          Reflect  .   (no helmet)
rElec   .          Harm     .   (no cloak)
rCorr   .          Rampage  .   (no gloves)
Will    .....                   (no boots)
Stlth   ++........              (no amulet)
HPRegen 0.05/turn               (no ring)
MPRegen 0.11/turn               (no ring)

@: very slow
A: fangs 2, magic shield, antimagic bite, no potion heal 2
a: Renounce Religion, Bend Time


You were on level 2 of the Dungeon.
You worshipped Cheibriados.
Cheibriados was aware of your devotion.
You visited 1 branch of the dungeon, and saw 2 of its levels.

You collected 31 gold pieces.

Inventory:

Hand Weapons
 d - a +0 hunting sling
 f - a +0 dagger (weapon)
Missiles
 h - 2 poisoned darts
Armour
 a - a +0 robe (worn)
Scrolls
 c - 2 scrolls of immolation {unknown}
 g - 2 scrolls of identify {unknown}
Potions
 e - a potion of flight {unknown}


   Skills:
 + Level 2.1 Dodging
 + Level 3.2 Stealth
 + Level 2.7 Spellcasting
 + Level 4.3 Ice Magic


You couldn't memorise any spells.
You knew the following spells:

 Your Spells              Type           Power      Damage    Failure   Level
a - Freeze                Ice            76%        1d9       2%          1
b - Frozen Ramparts       Ice            38%        1d5       8%          3
c - Ozocubu's Armour      Ice            19%        N/A       8%          3

Your spell library contained the following spells:

 Spells                   Type           Power      Damage    Failure   Level
 Hailstorm                Conj/Ice       10%        3d5       54%         4


Dungeon Overview and Level Annotations

Branches:
Dungeon (2/15)

Altars:
Cheibriados

Shops:
D:1 (

Annotations:
D:2 Robin


Innate Abilities, Weirdness & Mutations

You have extremely sharp teeth.
When hurt, damage is shared between your health and your magic reserves.
Your bite disrupts and absorbs the magic of your enemies.
Potions cannot restore your health.


Message History

Okay, then.
Okay, then.
Casting: Freeze (safe; 2% risk of failure)
Confirm with . or Enter, or press ? or * to list all spells.
Aiming: Freeze (safe; 2% risk of failure)
Press: ? - help, Shift-Dir - straight line, f - goblin, p - goblin
Aim: a goblin, wielding a +0 dagger (strong)
You freeze the goblin!
You kill the goblin!
Cheibriados thoroughly appreciates the change of pace.
The goblin closely misses you. The goblin misses you.
The goblin hits you with a +0 club.
* * * LOW HITPOINT WARNING * * *
Unknown command.
Okay, then.
Magic courses through your body.
A goblin comes into view. It is wielding a +0 club.
The goblin hits you with a +0 club.
* * * LOW HITPOINT WARNING * * *
The goblin hits you with a +0 club. The goblin barely misses you.
Unknown command.
Casting: Freeze (safe; 2% risk of failure)
Confirm with . or Enter, or press ? or * to list all spells.
Aiming: Freeze (safe; 2% risk of failure)
Press: ? - help, Shift-Dir - straight line, f - goblin
Aim: a goblin, wielding a +0 club (strong)
You freeze the goblin!
You kill the goblin!
Cheibriados appreciates the change of pace.
The goblin hits you with a +0 club.
* * * LOW HITPOINT WARNING * * *
Robin roars a battlecry!
The goblin goes into a battle-frenzy!
The goblin barely misses you.
f - a +0 dagger (weapon)
Unknown command.
Robin throws the goblin at you! The goblin hits you but does no damage.
A goblin comes into view. It is wielding a +0 dagger.
The goblin hits you with a +0 club.
You die...

#....<..#.######
#.#.#####.........>
#.#.#.......#####..
#.#.#.####..#
#.#.........#
#.###.####.##
####+#.###.#..#.#
......g.##.##.#.#
#... #@##....#.#
#....#g#######.#
#...g........#
####g######### ...g
###+##


You could see Robin and 4 goblins.

Vanquished Creatures
  3 dart slugs (D:1)
  3 bats (D:1)
  2 endoplasms (D:1)
  3 giant cockroaches (D:1)
  4 goblins
  6 hobgoblins (D:1)
  6 kobolds (D:1)
  2 quokkas (D:1)
  2 ball pythons
  A frilled lizard (D:1)
  2 rats (D:1)
34 creatures vanquished.

Vanquished Creatures (others)
  2 plants (D:1)
2 creatures vanquished.

Grand Total: 36 creatures vanquished

Notes
Turn   | Place    | Note
-------+----------+-------------------------------------------
     0 | D:1      | Zonian the Vine Stalker Ice Elementalist began the quest
                  | for the Orb.
     0 | D:1      | Reached XP level 1. HP: 9/9 MP: 4/4
    75 | D:1      | Reached XP level 2. HP: 12/13 MP: 6/6
   639 | D:1      | Reached XP level 3. HP: 16/16 MP: 7/7
   645 | D:1      | Learned a level 3 spell: Frozen Ramparts
   649 | D:1      | Learned a level 3 spell: Ozocubu's Armour
  1143 | D:1      | Found Wuireith's Weapon Shoppe.
  1165 | D:1      | Found a faded altar of an unknown god.
  1185 | D:1      | Prayed at the altar of an unknown god.
  1185 | D:1      | Became a worshipper of Cheibriados the Contemplative
  1185 | D:1      | Reached * piety under Cheibriados
  1280 | D:2      | Noticed Robin
  1287 | D:2      | Slain by a goblin

Illustrated notes

Levels and vault maps discovered:
D:1:      lightli_arrival_boilingwater, layout_rooms, serial_shops,
          nicolae_shop_bloodbath_and_beyond,
          shapermc_ecumenical_altar_mp_urbaneastern, minmay_misc_feat_nine_boxes
D:2:      minmay_kobold_bridge, layout_basic, basic_altar, uniq_robin,
          uniq_crazy_yiuf_cottage

Skill      XL: |  1  2  3 |
---------------+----------+-----
Stealth        | 3 |  3.2
Dodging        | 2 |  2.1
Spellcasting   | |  2.7
Ice Magic      | |  4.3

Action                   || total
-------------------------++-------
Melee: Dagger            ||    12
       Bite              ||     9
       Punch             ||     1
 Fire: Hunting sling     ||   101
 Cast: Freeze            ||     3
  Use: Potion            ||     1
Armor: Robe              ||    12
Dodge: Dodged            ||    58

Table legend: (Time is in decaauts)
 A = Elapsed time spent in this place.
 B = Non-inter-level travel time spent in this place.
 C = Inter-level travel time spent in this place.
 D = Time resting spent in this place.
 E = Time spent auto-exploring this place.
 F = Levels seen in this place.
 G = Mean time per level.
                   A        B        C        D        E       F      G
               +--------+--------+--------+--------+--------+-----+--------+
         Total |   1358 |   1336 |     22 |    500 |    525 |   2 |  679.0 |
       Dungeon |   1358 |   1336 |     22 |    500 |    525 |   2 |  679.0 |
               +--------+--------+--------+--------+--------+-----+--------+

Top non-repeatable levels by time:
     D:1: 1251 daAuts
     D:2: 107 daAuts
